 Dungeon Crawl Stone Soup version 0.18-a0-1473-g3609211 (webtiles) character file.

163 CopycatKevin the Ruffian (level 5, 0/53 HPs)
             Began as a Troll Monk on Mar 2, 2016.
             Was a Believer of Makhleb.
             Slain by a hobgoblin (2 damage)
             ... on level 3 of the Dungeon.
             The game lasted 00:07:37 (1862 turns).

CopycatKevin the Ruffian (Troll Monk)               Turns: 1862, Time: 00:07:37

Health: 0/53       AC:  5    Str: 20    XL:     5   Next: 20%
Magic:  4/4        EV:  8    Int:  6    God:    Makhleb [**....]
Gold:   162        SH:  7    Dex: 12    Spells: 0 memorised, 4 levels left

rFire  . . .     SeeInvis .       - Unarmed
rCold  . . .     Gourm    +     a - +0 robe
rNeg   . . .     Faith    .     g - +0 shield
rPois  .         Spirit   .     (helmet restricted)
rElec  .         Dismiss  .     (no cloak)
rCorr  .         Reflect  .     (gloves unavailable)
SustAt .         Harm     .     (boots unavailable)
MR     .....                    (no amulet)
Stlth  +.........               (no ring)
                                (no ring)

@: not resistant to hostile enchantments, very unstealthy
A: unfitting armour, claws 3, fast metabolism 3, gourmand, regeneration 2,
shaggy fur 1, tough skin 2
a: Minor Destruction, Renounce Religion


You were on level 3 of the Dungeon.
You worshipped Makhleb.
Makhleb was pleased with you.
You were completely stuffed.

You visited 1 branch of the dungeon, and saw 3 of its levels.

You collected 162 gold pieces.

Inventory:

Armour
 a - a +0 robe (worn)
 g - a +0 shield (worn)
Jewellery
 d - an uncursed ring of protection from cold {unknown}
Scrolls
 c - 5 scrolls of identify
 e - a scroll of enchant weapon
 h - 2 scrolls of remove curse
 j - a scroll of recharging {unknown}
 o - a scroll of noise {unknown}
 p - a scroll of fog {unknown}
Potions
 i - 5 potions of curing {unknown}
 k - a potion of degeneration {unknown}
 n - a potion of beneficial mutation {unknown}
Books
 m - a book of Battle

   Spells                             Type                      Level
   a - Infusion                       Charms                       1
   b - Shroud of Golubria             Charms/Translocation         2
   c - Song of Slaying                Charms                       2
   d - Spectral Weapon                Hexes/Charms                 3
   e - Regeneration                   Charms/Necromancy            3
Comestibles
 b - 4 bread rations
 f - 2 meat rations
 l - 2 chunks of flesh
 q - a beef jerky


   Skills:
 + Level 3.0 Fighting
 + Level 3.6 Dodging
 + Level 1.4 Stealth
 + Level 0.2 Shields
 + Level 4.8 Unarmed Combat


You had 4 spell levels left.
You didn't know any spells.

Dungeon Overview and Level Annotations

Branches:
Dungeon (3/15)

Altars:
Makhleb
Sif Muna
The Shining One

Annotations:
D:3 Robin


Innate Abilities, Weirdness & Mutations

You are too large for most types of armour.
You have claws for hands.
Your metabolism is lightning-fast.
You like to eat raw meat.
You heal very quickly.
You are covered in fur (AC +1).
You have very tough skin (AC +2).


Message History

The goblin hits you with a club.
* * * LOW HITPOINT WARNING * * *
The hobgoblin hits you from afar with a trident.
* * * LOW HITPOINT WARNING * * *
You block Robin's attack.
You claw the hobgoblin!
You kill the hobgoblin!
Makhleb accepts your kill. You block the kobold's attack.
The hobgoblin hits you from afar with a trident!
* * * LOW HITPOINT WARNING * * *
You claw the goblin!
You kill the goblin!
Makhleb accepts your kill.
The giant cockroach waves its antennae.
The kobold hits you but does no damage. The hobgoblin closely misses you.
The goblin hits you but does no damage.
You completely miss the hobgoblin. You block the kobold's attack.
You block Robin's attack. The hobgoblin hits you.
You die...

..>. ......
...... ........#
.........##
######
......<.s.#
#.....
........#g###
###.....
.......gK@g.#####
........
.......w#g#..>...
.###....
......))gg..#####
##...
#.....)..g###
####
#######...###
#.....# ######
#...#.# #....[
#######.## #.....
#..<..[..# #.....


You could see a worm, Robin, a giant cockroach, 3 hobgoblins, 3 goblins and a
kobold.

Vanquished Creatures
  Terence (D:3)
  3 gnolls (D:2)
  2 adders (D:2)
  An ooze (D:2)
  A worm (D:3)
  A dart slug (D:2)
  4 giant geckos
  5 giant cockroaches
  12 goblins
  9 hobgoblins
  2 jackals (D:3)
  3 quokkas (D:2)
  10 bats
  6 giant newts
  8 kobolds
  6 rats
74 creatures vanquished.

Notes
Turn   | Place    | Note
--------------------------------------------------------------
     0 | D:1      | CopycatKevin the Troll Monk began the quest for the Orb.
     0 | D:1      | Reached XP level 1. HP: 22/22 MP: 0/0
    92 | D:1      | Reached XP level 2. HP: 29/29 MP: 1/1
   685 | D:2      | Reached XP level 3. HP: 29/36 MP: 2/2
   776 | D:2      | Found a glowing golden altar of the Shining One.
  1003 | D:2      | Reached XP level 4. HP: 44/44 MP: 3/3
  1150 | D:2      | Found a deep blue altar of Sif Muna.
  1392 | D:3      | Noticed Terence
  1402 | D:3      | Killed Terence
  1434 | D:3      | Reached XP level 5. HP: 48/53 MP: 4/4
  1840 | D:3      | Found a burning altar of Makhleb.
  1842 | D:3      | Noticed Robin
  1857 | D:3      | Became a worshipper of Makhleb the Destroyer
  1857 | D:3      | Reached * piety under Makhleb
  1857 | D:3      | Reached ** piety under Makhleb
  1860 | D:3      | HP: 1/53 [hobgoblin/trident[Robin] (7)]
  1862 | D:3      | Slain by a hobgoblin

Vault maps used:
D:1:      dpeg_arrival_shrine, minmay_misc_feat_hallway
D:2:      overflow_temple_1_default, led_sif_pool
D:3:      lemuel_zombie_altar_yredelemnul, lemuel_crystal_altar, first_bread,
          corexii_shack, uniq_terence, uniq_robin

Skill      XL: |  1  2  3  4 |
---------------+-------------+-----
Dodging        | 3 |  3.6
Fighting       | 3 |  3.0
Stealth        | |  1.4
Shields        | |  0.2
Unarmed Combat | |  4.8

Action                   |  1- 3 |  4- 6 || total
-------------------------+-------+-------++-------
Melee: Unarmed           |    91 |   108 ||   199
  Use: Scroll            |     3 |       ||     3
 Stab: Sleeping          |     3 |       ||     3
  Eat: Chunk             |    15 |     8 ||    23
